AoeStats
← supermaso8970

Arabia

510615986Analyzed
3v3 RM · 1d ago on Oct 1, 2026· 59m 8s· 6 players
Game mode
Random Map
Map size
Normal (6 player)
Population
200
Speed
Normal
Resources
Standard
Victory
Conquest
Starting age
Dark Age
Ending age
Imperial Age
RankedLock teamsTeams togetherTeam positionsShared explorationLock speedFull tech treeHidden civsTurbo modeCheats
Victory
Defeat
🇨🇿 Franks · Czechia
1216
+6
🇨🇿 Teutons · Czechia
833
+20
🇨🇿 Persians · Czechia
807
+21
🇹🇷 Turks · Türkiye
979
-17
🇪🇸 Khitans · Spain
934
-15
🇹🇷 Magyars · Türkiye
928
-15
BosEngel
4:11 Loom
10:41 Feudal Age
11:34 Double-Bit Axe
15:44 Domestication
19:18 Gold Mining
21:51 Castle Age
20:13 Scale Barding Armor
22:44 Pastoralism
22:56 Bow Saw
23:13 Chain Barding Armor
23:35 Husbandry
25:19 Forging
33:28 Stone Mining
34:31 Wheelbarrow
36:21 Padded Archer Armor
36:11 Fletching
36:59 Town Watch
37:48 Thumb Ring
39:20 Hand Cart
42:07 Ballistics
49:12 Imperial Age
48:25 Town Patrol
49:59 Heavy Camel Rider
51:30 Iron Casting
54:23 Scale Mail Armor
GRIFS_RAPLANC_CSMPFJ
0:27 Loom
13:25 Feudal Age
17:26 Horse Collar
17:55 Double-Bit Axe
25:34 Castle Age
26:24 Bloodlines
25:58 Pikeman
27:54 Scale Mail Armor
32:20 Heavy Plow
33:45 Bow Saw
37:03 Fervor
39:58 Wheelbarrow
39:08 Town Watch
38:46 Man-at-Arms
38:50 Light Cavalry
39:31 Husbandry
40:47 Fletching
41:13 Chain Mail Armor
43:54 Thumb Ring
43:48 Bodkin Arrow
43:53 Padded Archer Armor
44:00 Scale Barding Armor
44:13 Gold Mining
44:13 Stone Mining
44:13 Elite Skirmisher
47:28 Corvinian Army
Tonyukuk
11:58 Feudal Age
14:17 Loom
16:41 Castle Age
16:11 Double-Bit Axe
16:21 Horse Collar
22:09 Bow Saw
22:32 Scale Mail Armor
35:26 Imperial Age
35:40 Padded Archer Armor
36:34 Gold Mining
38:59 Wheelbarrow
38:29 Heavy Plow
39:31 Leather Archer Armor
45:33 Stone Mining
47:04 Ring Archer Armor
53:22 Heavy Camel Rider
54:06 Husbandry
54:21 Bloodlines
54:25 Scale Barding Armor
55:24 Conscription
55:42 Chain Barding Armor
Kevin Flynn
12:29 Feudal Age
11:31 Loom
20:27 Padded Archer Armor
21:53 Gold Mining
21:53 Stone Mining
23:09 Horse Collar
24:25 Fletching
27:51 Castle Age
27:32 Double-Bit Axe
27:55 Crossbowman
27:56 Elite Skirmisher
29:29 Pikeman
37:54 Bodkin Arrow
38:14 Leather Archer Armor
42:48 Wheelbarrow
44:37 Squires
50:55 Imperial Age
54:31 Halberdier
59:21 Bow Saw
Sharpeer
6:00 Loom
9:02 Feudal Age
20:53 Castle Age
18:51 Double-Bit Axe
20:29 Forging
20:27 Scale Barding Armor
21:22 Gold Mining
23:04 Iron Casting
22:32 Husbandry
23:16 Bow Saw
27:26 Wheelbarrow
28:38 Chain Barding Armor
37:12 Imperial Age
35:02 Hand Cart
38:56 Blast Furnace
38:27 Conscription
38:14 Cavalier
39:32 Plate Barding Armor
39:27 Town Watch
40:12 Padded Archer Armor
40:22 Murder Holes
41:14 Paladin
42:47 Fletching
43:33 Chivalry
supermaso8970
7:53 Loom
9:51 Feudal Age
19:02 Castle Age
20:12 Forging
20:15 Horse Collar
20:31 Gold Mining
20:27 Double-Bit Axe
23:42 Stone Mining
24:28 Scale Barding Armor
28:23 Iron Casting
31:50 Scale Mail Armor
34:02 Squires
35:52 Chain Mail Armor
43:30 Imperial Age
45:08 Cavalier
46:32 Bloodlines
47:25 Blast Furnace
46:45 Chain Barding Armor
51:00 Paladin
55:17 Pikeman
Connection lost

Rejoining the realm…

Still unreachable

The connection could not be restored.

Session expired

The server has moved on; the page needs a fresh start.